 Dungeon Crawl Stone Soup version 0.21-a0-210-gbfa5647 (webtiles) character file.

9806 namelastname112 the Martial Artist (level 11, 0/92 HPs)
             Began as a Gnoll Monk on Aug 22, 2017.
             Was an Elder of Fedhas.
             Slain by a cyan ugly thing (9 damage)
             ... on level 11 of the Dungeon.
             The game lasted 00:22:31 (13006 turns).

namelastname112 the Martial Artist (Gnoll Monk)    Turns: 13006, Time: 00:22:32

Health: 0/92       AC: 13    Str:  7    XL:     11   Next: 52%
Magic:  16/16      EV: 13    Int:  7    God:    Fedhas [****..]
Gold:   570        SH:  0    Dex:  7    Spells: 10/10 levels left

rFire    . . .     SeeInvis .     - Unarmed
rCold    . . .     Gourm    .   (no shield)
rNeg     . . .     Faith    .   m - +0 ring mail
rPois    .         Spirit   .   (no helmet)
rElec    .         Reflect  .   y - +0 cloak
rCorr    .         Harm     .   c - +1 pair of gloves
MR       +....                  (no boots)
Stlth    +++.......             B - amulet of regeneration
HPRegen  0.65/turn              s - ring of protection from magic
MPRegen  0.15/turn              z - ring of stealth

@: mighty, hasted, very quick
A: unchanging attributes, fangs 1, slimy green scales 1, camouflage 1, blink,
MP-powered wands, strong nose
a: Blink, Fungal Bloom, Evolution, Sunlight, Growth, Reproduction, Renounce
Religion


You were on level 11 of the Dungeon.
You worshipped Fedhas.
Fedhas was greatly pleased with you.
You were not hungry.

You visited 2 branches of the dungeon, and saw 13 of its levels.
You also visited: Ossuary.

You collected 619 gold pieces.
You spent 49 gold pieces at shops.

Inventory:

Armour
 c - a +1 pair of gloves (worn)
 m - a +0 ring mail (worn)
 y - a +0 cloak (worn)
Magical Staves
 L - an uncursed staff of wizardry
Jewellery
 s - a ring of protection from magic (left hand)
 u - an uncursed ring of flight
 z - a ring of stealth (right hand)
 B - an amulet of regeneration (around neck)
 J - an uncursed ring of positive energy {unknown}
Wands
 h - a wand of digging (11/24)
 A - a wand of random effects (9/48)
 F - a wand of random effects (24/48)
 H - a wand of lightning (7/15)
Scrolls
 d - 7 scrolls of teleportation
 e - a scroll of enchant weapon
 g - 6 scrolls of remove curse
 i - 11 scrolls of identify
 r - a scroll of blinking {unknown}
 t - a scroll of immolation
 C - 2 scrolls of fear
 E - a scroll of amnesia
 G - a scroll of magic mapping
 I - 2 scrolls of torment {unknown}
 K - a scroll of vulnerability {unknown}
 M - a scroll of enchant armour
Potions
 f - a potion of might
 j - 3 potions of flight
 k - 3 potions of brilliance
 l - a potion of haste
 o - 3 potions of agility
 w - 2 potions of magic
 x - a potion of resistance {unknown}
 D - 2 potions of cancellation {unknown}
Comestibles
 b - 6 bread rations
 n - 2 meat rations
 p - 6 fruits
 q - 14 royal jellies
 v - 3 chunks of flesh


   Skills:
 + Level 10.5 Fighting
 + Level 9.8 Armour
 + Level 10.5 Dodging
 - Level 2.4 Stealth
 * Level 13.6 Unarmed Combat
 + Level 7.8 Invocations


You had 10 spell levels left.
You didn't know any spells.

Dungeon Overview and Level Annotations

Branches:
Dungeon (12/15)            Temple (1/1) D:5            Lair (0/6) D:10
    Orc: D:9-12

Altars:
Cheibriados
Fedhas
Kikubaaqudgha
Qazlal
Ru
Sif Muna
Trog
Vehumet
Xom
Zin

Shops:
D:7 }   D:11 %   D:12 *


Innate Abilities, Weirdness & Mutations

Your physical attributes are unchanging.
You have very sharp teeth.
Your uncanny sense of smell can sniff out nearby items.
You are partially covered in slimy green scales. (AC +2)
Your skin changes colour to match your surroundings (Stealth+).
You can translocate small distances at will.
You expend magic power (3 MP) to strengthen your wands.


Message History

Okay, then.
Unknown command.
Unknown command.
You feel very mighty all of a sudden. The cyan ugly thing claws you!
The cyan ugly thing shocks you!
* * * LOW HITPOINT WARNING * * *
You take 20 damage, and have 24/92 hp.
MASSIVE DAMAGE!!
You punch the cyan ugly thing!
The cyan ugly thing is heavily wounded.
You barely miss the cyan ugly thing.
The cyan ugly thing is heavily wounded.
The cyan ugly thing claws you.
* * * LOW HITPOINT WARNING * * *
The cyan ugly thing shocks you!
* * * LOW HITPOINT WARNING * * *
Something hits your wandering mushroom!
You take 17 damage, and have 8/92 hp.
You feel yourself speed up. The cyan ugly thing claws you!
You die...
Fedhas appreciates your contribution to the ecosystem.

......####.##...##+####..........
...###..........#.....#..........
...# #.........f......#..........
...###........##.................
.....#........##.................
.....#........##..........∩......
.....#........##.................
.....'........##u......#########.
.....#........##@......#
#######........#.......#
#.######.#.......#
#...#..#.#.)))####
###.#..#.#....# #.#..#P#.#'##
#.#..P...#.# #.##P#.###.#
#....#.....#


You could see a cyan ugly thing and a friendly wandering mushroom.

Vanquished Creatures
  The ghost of namelastname112 the Martial Artist, a novice GnMo of Fedhas (D:6)
  An ugly thing (D:11)
  2 trolls (D:12)
  4 hippogriffs
  A shadow (D:11)
  A wyvern (D:9)
  Menkaure (Ossuary)
  A soldier ant (D:12)
  2 hungry ghosts
  2 water moccasins (D:12)
  4 sky beasts
  4 ice beasts
  A black bear (D:6)
  2 ogres
  6 orc warriors
  2 phantoms
  4 centaurs
  9 bullfrogs
  A big kobold (D:8)
  A wyvern skeleton (D:12)
  3 scorpions
  A water moccasin skeleton (D:10)
  8 killer bees
  7 wights
  2 crimson imps (D:5)
  2 centaur zombies (Ossuary)
  4 hounds
  10 jellies
  6 orc priests
  A bullfrog skeleton (D:11)
  A gnoll shaman (D:7)
  3 centaur skeletons
  Terence (D:2)
  9 orc wizards
  An iguana (D:5)
  8 worker ants
  Ijyb (D:5)
  3 ogre zombies (Ossuary)
  A big kobold zombie (Ossuary)
  6 mummies (Ossuary)
  A howler monkey skeleton (D:10)
  9 adders
  9 gnolls
  A shadow imp (D:7)
  6 oozes
  An adder skeleton (D:9)
  4 adder zombies
  4 worms
  3 dart slugs (D:2)
  4 leopard geckos
  32 orcs
  2 ball pythons
  6 giant cockroaches
  9 goblins
  5 hobgoblins
  17 jackals
  10 kobolds
  4 quokkas
  3 bats (D:2)
  3 frilled lizards
  7 goblin zombies (Ossuary)
  3 hobgoblin zombies (Ossuary)
  2 kobold zombies (Ossuary)
  A quokka skeleton (D:4)
  3 quokka zombies (Ossuary)
  5 rats
  6 rat zombies (Ossuary)
288 creatures vanquished.

Vanquished Creatures (collateral kills)
  A two-headed ogre (D:10)
  A komodo dragon (D:10)
  A shadow (D:11)
  A vampire mosquito (D:11)
  A crocodile (D:10)
  A bullfrog (D:11)
  2 killer bees (D:11)
  A crimson imp (D:10)
  3 orc priests (D:10)
  An iguana (D:10)
  2 orc wizards
  An adder (D:10)
  A leopard gecko (D:11)
  2 orcs (D:11)
19 creatures vanquished.

Vanquished Creatures (others)
  2 wandering mushrooms (D:11)
  2 necrophages
  A killer bee zombie (D:7)
  2 plants (D:10)
  128 toadstools
135 creatures vanquished.

Grand Total: 442 creatures vanquished

Notes
Turn   | Place    | Note
-------+----------+-------------------------------------------
     0 | D:1      | namelastname112 the Gnoll Monk began the quest for the Orb.
     0 | D:1      | Reached XP level 1. HP: 19/19 MP: 1/1
   227 | D:1      | Reached XP level 2. HP: 13/25 MP: 2/2
   851 | D:2      | Reached XP level 3. HP: 17/30 MP: 3/3
   869 | D:2      | Reached skill level 1 in Armour
  1103 | D:2      | Noticed Terence
  1117 | D:2      | Killed Terence
  1117 | D:2      | Reached skill level 5 in Unarmed Combat
  1180 | D:2      | Reached XP level 4. HP: 25/38 MP: 4/4
  2147 | D:2      | Reached XP level 5. HP: 30/43 MP: 5/5
  2646 | D:3      | Reached skill level 5 in Fighting
  2950 | D:3      | Reached skill level 5 in Dodging
  3550 | D:4      | Found a sand-covered staircase.
  3558 | Ossuary  | Entered an ossuary
  3558 | Ossuary  | Noticed Menkaure
  3559 | Ossuary  | namelastname112: охуенно
  3559 | Ossuary  | namelastname112: не снял кольцо, называется
  3559 | Ossuary  | epen: ну так
  3571 | Ossuary  | Reached skill level 6 in Unarmed Combat
  3571 | Ossuary  | Reached XP level 6. HP: 46/51 MP: 3/6
  3576 | Ossuary  | Killed Menkaure
  3594 | Ossuary  | Reached skill level 7 in Unarmed Combat
  3597 | Ossuary  | Reached XP level 7. HP: 45/57 MP: 5/7
  5077 | D:4      | Gained mutation: Scrolls take you a little longer to read. [potion of mutation]
  5077 | D:4      | Gained mutation: You are frail. (-10% HP) [potion of mutation]
  5077 | D:4      | Gained mutation: You have large cloven feet. [potion of mutation]
  5078 | D:4      | Lost mutation: You have large cloven feet. [potion of mutation]
  5078 | D:4      | Lost mutation: Scrolls take you a little longer to read. [potion of mutation]
  5078 | D:4      | Lost mutation: You are frail. (-10% HP) [potion of mutation]
  5078 | D:4      | Gained mutation: You expend magic power (3 MP) to strengthen your wands. [potion of mutation]
  5078 | D:4      | Gained mutation: Your skin changes colour to match your surroundings (Stealth+). [potion of mutation]
  5078 | D:4      | Gained mutation: You are partially covered in slimy green scales. (AC +2) [potion of mutation]
  5078 | D:4      | Gained mutation: You can translocate small distances at will. [potion of mutation]
  5446 | D:4      | Reached skill level 8 in Unarmed Combat
  5593 | D:4      | Reached XP level 8. HP: 62/65 MP: 8/8
  5732 | D:5      | Entered Level 5 of the Dungeon
  5794 | D:5      | Reached skill level 5 in Armour
  5932 | D:5      | Found a staircase to the Ecumenical Temple.
  5972 | D:5      | Noticed Ijyb
  6022 | D:5      | Killed Ijyb
  6120 | D:5      | Found a blossoming altar of Fedhas.
  6180 | D:5      | Became a worshipper of Fedhas Madash
  6180 | D:5      | Reached * piety under Fedhas
  6180 | D:5      | Reached ** piety under Fedhas
  6199 | D:5      | namelastname112: ??invoc
  6199 | D:5      | beem: invoc ~ invocations[1/3]: Used by TSO, Beogh, Cheibriados, Dithmenos, Elyvilon, Fedhas, Hepliaklqana, Lugonu, Makhleb, Nemelex Xobeh, Okawaru, Qazlal, Sif Muna, Uskayaw, Yredelemnul, Zin. Not used by Ashenzari, Gozag, Jiyva, Kikubaaqudgha, Pakellas, Ru, Trog, Vehumet, Xom.
  6217 | D:5      | Found a bloodstained altar of Trog.
  6501 | D:5      | Found a stormy altar of Qazlal.
  6501 | D:5      | Found a radiant altar of Vehumet.
  6563 | Temple   | Entered the Ecumenical Temple
  6599 | D:5      | Reached skill level 1 in Invocations
  6611 | D:5      | Reached skill level 9 in Unarmed Combat
  6831 | D:6      | Noticed namelastname112's ghost (novice GnMo)
  6870 | D:6      | Killed namelastname112's ghost
  6870 | D:6      | Reached skill level 10 in Unarmed Combat
  6870 | D:6      | Reached XP level 9. HP: 62/73 MP: 4/11
  7170 | D:6      | Got a dazzling leather armour
  7181 | D:6      | Identified the cursed +1 leather armour of Rauruala {rElec rF+ rC- Int+4} (You found it on level 6 of the Dungeon)
  7326 | D:6      | Found a deep blue altar of Sif Muna.
  7382 | D:6      | Found a snail-covered altar of Cheibriados.
  7383 | D:6      | Found an ancient bone altar of Kikubaaqudgha.
  7729 | D:7      | Found a shimmering altar of Xom.
  7968 | D:7      | Found Ceyfeqavu's Gadget Emporium.
  8004 | D:7      | Found a glowing silver altar of Zin.
  8130 | D:7      | Reached *** piety under Fedhas
  8225 | D:7      | Reached skill level 5 in Invocations
  8323 | D:7      | Reached skill level 11 in Unarmed Combat
  8409 | D:8      | Reached XP level 10. HP: 32/82 MP: 12/14
  8763 | D:8      | Noticed a two-headed ogre
 10104 | D:9      | Reached skill level 12 in Unarmed Combat
 10573 | D:9      | You fall through a shaft for 3 floors!
 10574 | D:12     | namelastname112: ебааааааать
 10574 | D:12     | namelastname112: вот это наебнулся
 10671 | D:12     | Found Iqew's Serpentskin Sales.
 10856 | D:12     | Noticed a two-headed ogre
 10868 | D:12     | Noticed a five-headed hydra
 11259 | D:11     | Noticed a purple ugly thing
 11275 | D:11     | Reached XP level 11. HP: 84/90 MP: 16/16
 11297 | D:11     | epen: бляяяя
 11307 | D:11     | Killed a purple ugly thing
 11307 | D:11     | Reached skill level 10 in Fighting
 11407 | D:11     | epen: он тут хули забыл?
 11423 | D:11     | Reached skill level 13 in Unarmed Combat
 11430 | D:11     | Reached skill level 10 in Dodging
 11431 | D:11     | namelastname112: кто?
 11431 | D:11     | namelastname112: гриб?
 11469 | D:11     | epen: не
 11486 | D:10     | Entered Level 10 of the Dungeon
 11486 | D:10     | Noticed a two-headed ogre
 11487 | D:10     | epen: тот парень
 11499 | D:10     | Killed a two-headed ogre
 11612 | D:10     | namelastname112: какой
 11612 | D:10     | namelastname112: агли зинг?
 11653 | D:10     | Found a staircase to the Lair.
 11821 | D:10     | namelastname112: пиздец
 11858 | D:10     | Reached **** piety under Fedhas
 11994 | D:10     | Found a sacrificial altar of Ru.
 12824 | D:11     | Found Evoschar's Food Shop.
 12947 | D:11     | Bought 3 fruits for 49 gold pieces
 12970 | D:11     | Noticed a cyan ugly thing
 13006 | D:11     | Slain by a cyan ugly thing

Vault maps used:
D:1:      dpeg_arrival_rooms_with_view
D:2:      first_bread, uniq_terence
D:3:      serial_glass, glass_columns_b, glass_columns_a
D:4:      nicolae_ossuary_entry_ruins, minmay_checkerbox
D:5:      lemuel_round_altar, gammafunk_temple_overflow_wave, temple_doors_e,
          minivault_14, trog_three_pillars_becter, uniq_ijyb
D:6:      kennysheep_mini, chequers_temple_overflow_statue_of_worship,
          hangedman_decor_growths, kennysheep_generic_room_9
D:7:      zin_statuary, xom_butterflies, serial_shops, nicolae_shop_trees
D:9:      hangedman_little_slice_of_home, lightli_corner_chamber
D:10:     david_lair_shrubbed, nicolae_ru_the_path_less_chosen
D:11:     serial_shops, shop, kennysheep_mini_moat, nicolae_water_bricks
D:12:     hiddenorc1_lemuel, guppyfry_shop_venom
Temple:   eino_temple_water
Ossuary:  ossuary_boxes_badplayer

Skill      XL: |  1  2  3  4  5  6  7  8  9 10 11 |
---------------+----------------------------------+-----
Armour         | 1 2 3 4 6 7 9 |  9.8
Unarmed Combat | 5 6 7 8 10 11 12 13 | 13.6
Fighting       | 5 6 7 8 9 10 | 10.5
Dodging        | 5 6 7 8 9 10 | 10.5
Invocations    | 3 5 6 7 |  7.8
Stealth        | |  2.4

Action                   |  1- 3 |  4- 6 |  7- 9 | 10-12 || total
-------------------------+-------+-------+-------+-------++-------
Melee: Unarmed           |   136 |   289 |   742 |   722 ||  1889
       Bite              |     7 |    13 |    32 |    42 ||    94
       Punch             |       |     4 |    14 |    15 ||    33
Invok: Fungal Bloom      |       |       |    12 |    41 ||    53
       Sunlight          |       |       |       |     2 ||     2
       Evolution         |       |       |       |     4 ||     4
Evoke: Wand              |       |       |       |     5 ||     5
  Use: Potion            |       |     2 |     5 |     7 ||    14
       Scroll            |       |       |    23 |     3 ||    26
 Stab: Sleeping          |       |       |    10 |    10 ||    20
       Distracted        |       |       |       |     1 ||     1
  Eat: Chunk             |     1 |     3 |    12 |     6 ||    22
       Bread ration      |       |     1 |       |       ||     1
       Royal jelly       |       |       |     2 |     1 ||     3
       Meat ration       |       |       |       |     3 ||     3
Armor: Robe              |    11 |       |       |       ||    11
       Ring mail         |    69 |    94 |   248 |   338 ||   749
       Skin              |       |    14 |    32 |       ||    46
Dodge: Dodged            |   106 |   156 |   345 |   459 ||  1066

Table legend:
 A = Spawn XP
 B = Non-spawn XP
 C = Spawn XP percentage of total XP
 D = Spawn monster count
 E = Non-spawn monster count
 F = Spawn count percentage of total count
 G = Total turns spent on level
                    A         B        C        D         E        F      G
               +---------+---------+-------+---------+---------+-------+---------
         Total |    1375 |   12634 |   9.8 |      47 |     260 |  15.3 | 13006
               +---------+---------+-------+---------+---------+-------+---------
           D:1 |      22 |      15 |  59.5 |       6 |       9 |  40.0 |  1186
           D:2 |      10 |     130 |   7.1 |       4 |      22 |  15.4 |  1347
           D:3 |      53 |      82 |  39.3 |       5 |      15 |  25.0 |  1235
           D:4 |     245 |     136 |  64.3 |       3 |      13 |  18.8 |  1234
           D:5 |      56 |     635 |   8.1 |       2 |      18 |  10.0 |  1094
           D:6 |       0 |    1465 |   0.0 |       0 |      13 |   0.0 |   843
           D:7 |     315 |     794 |  28.4 |       9 |      23 |  28.1 |   834
           D:8 |      13 |     719 |   1.8 |       1 |      15 |   6.2 |   877
           D:9 |     171 |    2044 |   7.7 |       3 |      34 |   8.1 |  1189
          D:10 |     238 |    2665 |   8.2 |       7 |      26 |  21.2 |  1162
          D:11 |     252 |    1713 |  12.8 |       7 |      19 |  26.9 |   585
          D:12 |       0 |    1718 |   0.0 |       0 |      16 |   0.0 |   686
       Ossuary |       0 |     518 |   0.0 |       0 |      37 |   0.0 |   730
               +---------+---------+-------+---------+---------+-------+---------
